 Dungeon Crawl Stone Soup version 0.28-a0-769-g550dbda0cd (webtiles) character file.

Game seed: 4526685838202190226

16 demibob the Poker (level 2, -4/26 HPs)
             Began as a Draconian Chaos Knight on Nov 1, 2021.
             Was a Plaything of Xom.
             Slain by a red devil (19 damage)
             ... summoned by Xom
             ... on level 1 of the Dungeon.
             The game lasted 00:01:24 (723 turns).

demibob the Poker (Draconian Chaos Knight)           Turns: 723, Time: 00:01:24

Health: -4/26      AC:  4    Str: 14    XL:     2   Next: 37%
Magic:  2/2        EV: 12    Int: 12    God:    Xom [....*.]
Gold:   52         SH:  0    Dex: 10    Spells: 1/1 levels left

rFire   . . .      SeeInvis .   a - +0 spear (chaos)
rCold   . . .      Faith    .   (no shield)
rNeg    . . .      Spirit   .   (armour unavailable)
rPois   .          Reflect  .   (helmet restricted)
rElec   .          Harm     .   (no cloak)
rCorr   .          Rampage  .   (no gloves)
Will    .....                   (no boots)
Stlth   +.........              (no amulet)
HPRegen 0.08/turn               (no ring)
MPRegen 0.08/turn               (no ring)

@: spiked
A: AC +4, unfitting armour, cold-blooded
a: Renounce Religion


You were on level 1 of the Dungeon.
You worshipped Xom.
You were a beloved toy of Xom.
You visited 1 branch of the dungeon, and saw 1 of its levels.

You collected 52 gold pieces.


Innate Abilities, Weirdness & Mutations

Your plain brown scales are hard. (AC +4)
You cannot fit into any form of body armour.
You are cold-blooded and may be slowed by cold attacks.


   Skills:
 - Level 3.2 Fighting
 + Level 3.8 Polearms
 - Level 2.1 Dodging


You had one spell level left.
You didn't know any spells.
Your spell library was empty.

Inventory:

Hand Weapons
 a - a +0 spear of chaos (weapon)
Potions
 b - a potion of curing {@q1}

Dungeon Overview and Level Annotations

Branches:
Dungeon (1/15)

Altars:

#.# #.# #.# #
###.#.#
#...#.##.# #
#........#
#$.###b.4#.#
#......5.#.#
##.###.@..b#####
##b........ #
#...######
###### #.###
.....# #.# .###.
#.# ..## #.#
...# #.# ...#
#.#


You could see a red devil (summoned, ally target) and a quasit (summoned).


Message History

A rat comes into view.
Found a scroll labelled KODUNOU ZEQU.
You reach to attack!
You hit the rat but do no damage. You hit the rat but do no damage.
Lightning courses through the rat!
You kill the rat!
No target in view!
No target in view!
Found 8 gold pieces.
c - a scroll labelled KODUNOU ZEQU "Fight to survive, mortal."
Enter note: hm
Okay, then.
Press: ? - help, v - describe, . - travel
Here: a red devil, wielding a +2 demon trident of venom (summoned)
The floor.
Unknown command.
The red devil hits you from afar with a +2 demon trident of venom!
Ouch! That really hurt!
* * * LOW HITPOINT WARNING * * *
A shower of butterflies erupts from you!
Barbed spikes become lodged in your body.
You are lethally poisoned!
It was a potion of curing.
You feel better. The red devil barely misses you.
As you read the scroll labelled KODUNOU ZEQU, it crumbles to dust.
You hear a loud clanging noise!
It was a scroll of noise.
You hear a shout!
The red devil hits you from afar with a +2 demon trident of venom!!
Ouch! That really hurt!
You die...

Action                   || total
-------------------------++-------
Melee: Spear             ||    43
       Tailslap          ||     3
  Use: Scroll            ||     1
       Potion            ||     1
Armor: Skin              ||    12
Dodge: Dodged            ||     9

Levels and vault maps discovered:
D:1:      minmay_arrival_hallway, layout_loops_ring

Notes
Turn   | Place    | Note
-------+----------+-------------------------------------------
     0 | D:1      | demibob the Draconian Chaos Knight began the quest for the
                  | Orb.
     0 | D:1      | Reached XP level 1. HP: 19/19 MP: 1/1
   361 | D:1      | Reached XP level 2. HP: 10/26 MP: 2/2
   720 | D:1      | XOM: summons 2 hostile demons
   721 | D:1      | Noticed a red devil
   721 | D:1      | >>hm
   721 | D:1      | XOM: butterfly on damage
   723 | D:1      | Slain by a red devil

Vanquished Creatures
  3 dart slugs (D:1)
  A ball python (D:1)
  2 giant cockroaches (D:1)
  A quokka (D:1)
  A goblin (D:1)
  2 rats (D:1)
10 creatures vanquished.

Table legend: (Time is in decaauts)
 A = Elapsed time spent in this place.
 B = Non-inter-level travel time spent in this place.
 C = Inter-level travel time spent in this place.
 D = Time resting spent in this place.
 E = Time spent auto-exploring this place.
 F = Levels seen in this place.
 G = Mean time per level.
                   A        B        C        D        E       F      G
               +--------+--------+--------+--------+--------+-----+--------+
         Total |    720 |    720 |      0 |    196 |    435 |   1 |  720.0 |
       Dungeon |    720 |    720 |      0 |    196 |    435 |   1 |  720.0 |
               +--------+--------+--------+--------+--------+-----+--------+

Top non-repeatable levels by time:
     D:1: 720 daAuts

Table legend:
 A = Non-vault XP
 B = Vault XP
 C = Vault XP percentage of total XP
 D = Non-vault monster count
 E = Vault monster count
 F = Vault count percentage of total count
                 A         B        C        D         E       F
            +---------+---------+-------+---------+---------+-------
      Total |      23 |       0 |   0.0 |      10 |       0 |   0.0
            +---------+---------+-------+---------+---------+-------
        D:1 |      23 |       0 |   0.0 |      10 |       0 |   0.0
            +---------+---------+-------+---------+---------+-------
